 Dungeon Crawl Stone Soup version 0.31-a0-844-gdc52ec4e09 (webtiles) character file.

Game seed: 4581078227036793310

104 IdlyInterested the Trooper (level 4, -1/37 HPs)
             Began as a Demonspawn Gladiator on Sept 28, 2023.
             Succumbed to an adder's poison
             ... on level 2 of the Dungeon.
             The game lasted 00:04:11 (976 turns).

IdlyInterested the Trooper (Demonspawn Gladiator)    Turns: 976, Time: 00:04:11

Health: -1/37      AC:  7    Str: 14    XL:     4   Next: 52%
Magic:  4/4        EV:  8    Int: 10    God:
Gold:   6          SH:  0    Dex: 16    Spells: 3/3 levels left

rFire   . . .        a - +0 long sword
rCold   . . .        (no shield)
rNeg    . . .        k - +0 ring mail
rPois   .            c - +0 helmet
rElec   .            (no cloak)
rCorr   .            f - +0 pair of gloves
SInv    .            (no boots)
Will    .....        (no amulet)
Stlth   +            (no ring)
HPRegen 0.26/turn    (no ring)
MPRegen 0.09/turn

%: no passive effects
@: mighty, lethally poisoned (-1 -> -7), constricted
A: ignite blood 1
a: no special abilities


You were on level 2 of the Dungeon.
You visited 1 branch of the dungeon, and saw 2 of its levels.

You collected 6 gold pieces.

Inventory:

Hand Weapons
 a - a +0 long sword (weapon)
Missiles
 b - 6 poisoned darts (quivered)
 d - 3 throwing nets
 e - a javelin
Armour
 c - a +0 helmet (worn)
 f - a +0 pair of gloves (worn)
 k - a +0 ring mail (worn)
Scrolls
 i - a scroll of teleportation {unknown}
 j - a scroll of silence {unknown}


   Skills:
 * Level 3.6 Fighting
 + Level 3.4 Long Blades
 - Level 1.7 Throwing
 - Level 1.0 Armour
 - Level 2.6 Dodging
 + Level 0.0 Stealth
 - Level 1.0 Evocations


You had 3 spell levels left.
You didn't know any spells.
Your spell library contained the following spells:

 Spells                   Type           Power      Damage    Failure   Level
 Apportation              Tloc           0%         N/A       61%         1
 Jinxbite                 Hex            0%         N/A       75%         2
 Ozocubu's Armour         Ice            0%         N/A       93%         3
 Alistair's Intoxication  Tmut/Pois      0%         N/A       100%        5
 Metabolic Englaciation   Hex/Ice        0%         N/A       100%        5
 Simulacrum               Ice/Necr       0%         N/A       100%        6


Dungeon Overview and Level Annotations

Branches:
Dungeon (2/15)

Altars:


Innate Abilities, Weirdness & Mutations

Your demonic aura sometimes causes spilled blood to erupt in flames.


Message History

The ball python bites you.
* * * LOW HITPOINT WARNING * * *
The ball python constricts you. The goblin hits you but does no damage.
The ball python bites you but does no damage.
The ball python constricts you. The goblin barely misses you.
You hit the goblin.
You kill the goblin!
The ball python closely misses you. The ball python constricts you.
You closely miss the ball python.
The ball python bites you but does no damage.
The ball python constricts you.
* * * LOW HITPOINT WARNING * * *
The ball python bites you but does no damage.
The ball python constricts you.
You closely miss the adder. The adder bites you but does no damage.
The ball python bites you but does no damage.
The ball python constricts you.
* * * LOW HITPOINT WARNING * * *
The adder bites you but does no damage.
You hit the adder.
The adder is moderately wounded.
The ball python completely misses you. The ball python constricts you.
The adder bites you.
* * * LOW HITPOINT WARNING * * *
You are poisoned.
The adder poisons you!
The ball python bites you but does no damage.
The ball python constricts you. The adder bites you.
* * * LOW HITPOINT WARNING * * *
You are more poisoned.
The adder poisons you!
You closely miss the adder.
The adder is moderately wounded.
* * * LOW HITPOINT WARNING * * *
You feel very sick. The ball python barely misses you.
The ball python constricts you. The adder bites you but does no damage.
You closely miss the adder.
The adder is moderately wounded.
You die...

. ......... ..
....... ..
......
##.#....#++
.....#.#.# .
#..#<..#.... #
#g†..g....#
#.##S##.#.##.#
#.S@)<#.#...
#....####.#.#
.## ..# #.. .#
##. . .. .. ..


You could see an adder, a hobgoblin and a ball python.

Vanquished Creatures
  A phantom (D:2)
  7 bats (D:1)
  3 endoplasms (D:1)
  3 giant cockroaches (D:1)
  A goblin (D:2)
  4 hobgoblins
  3 kobolds (D:1)
  A quokka (D:1)
  2 frilled lizards (D:1)
  3 rats
28 creatures vanquished.

Notes
Turn   | Place    | Note
-------+----------+-------------------------------------------
     0 | D:1      | IdlyInterested the Demonspawn Gladiator began the quest for
                  | the Orb.
     0 | D:1      | Reached XP level 1. HP: 16/16 MP: 1/1
   122 | D:1      | Gained mutation: Your demonic aura sometimes causes spilled
                  | blood to erupt in flames. [demonic ancestry]
   122 | D:1      | Reached XP level 2. HP: 23/23 MP: 2/2
   416 | D:1      | Reached skill level 1 in Evocations
   789 | D:1      | Reached XP level 3. HP: 28/28 MP: 3/3
   950 | D:2      | Noticed a phantom
   964 | D:2      | Killed a phantom
   965 | D:2      | Reached skill level 1 in Armour
   965 | D:2      | Reached XP level 4. HP: 12/36 MP: 4/4
   975 | D:2      | HP: 1/37 [poisoned by an adder]
   976 | D:2      | Succumbed to an adder's poison

Illustrated notes

Levels and vault maps discovered:
D:1:      scummos_arrival_star, layout_basic, minmay_tripent
D:2:      layout_basic, shapermc_ecumenical_altar_notcrosses, minmay_distorted,
          uniq_jessica, uniq_sigmund, uniq_crazy_yiuf_cottage

Skill      XL: |  1  2  3 |
---------------+----------+-----
Evocations     | 1 |  1.0
Long Blades    | 3 |  3.4
Fighting       | 3 |  3.6
Armour         | 1 |  1.0
Throwing       | |  1.7
Dodging        | |  2.6

Action                     |  1- 3 |  4- 6 || total
---------------------------+-------+-------++-------
  Melee: Long sword        |    88 |    11 ||    99
         Punch             |     1 |       ||     1
    Use: Potion            |     2 |       ||     2
 Armour: Leather armour    |    23 |       ||    23
         Ring mail         |    50 |    17 ||    67
  Dodge: Dodged            |    64 |     7 ||    71

Table legend: (Time is in decaauts)
 A = Elapsed time spent in this place.
 B = Non-inter-level travel time spent in this place.
 C = Inter-level travel time spent in this place.
 D = Time resting spent in this place.
 E = Time spent auto-exploring this place.
 F = Levels seen in this place.
 G = Mean time per level.
                   A        B        C        D        E       F      G
               +--------+--------+--------+--------+--------+-----+--------+
         Total |   1001 |    938 |     63 |    165 |    504 |   2 |  500.5 |
       Dungeon |   1001 |    938 |     63 |    165 |    504 |   2 |  500.5 |
               +--------+--------+--------+--------+--------+-----+--------+

Top non-repeatable levels by time:
     D:1: 965 daAuts
     D:2: 35 daAuts
